 Dungeon Crawl Stone Soup version 0.13.0-13-g27bfa31 (webtiles) character file.

1092 Lilouch the Cudgeler (level 8, -9/48 HPs)
             Began as a Gargoyle Fighter on Oct 19, 2013.
             Was an Initiate of Okawaru.
             Mangled by an ogre
             ... wielding a +0,+0 giant club
              (20 damage)
             ... on Level 6 of the Dungeon.
             The game lasted 00:13:15 (2216 turns).

Lilouch the Cudgeler (Gargoyle Fighter)             Turns: 2216, Time: 00:13:15

HP  -9/48        AC 15     Str 21      XL: 8   Next:  6%
MP   7/7         EV  5     Int 10      God: Okawaru [......]
Gold 203         SH 20     Dex  9      Spells:  0 memorised,  7 levels left

Res.Fire  : . . .   See Invis. : .   b - +0,+1 orc flail
Res.Cold  : . . .   Warding    : .   x - +0 chain mail {MR+}
Life Prot.: + . .   Conserve   : .   c - +0 shield
Res.Poison: +       Res.Corr.  : .   (no helmet)
Res.Elec. : +       Clarity    : .   (no cloak)
Sust.Abil.: . .     Spirit.Shd : .   (no gloves)
Res.Mut.  : .       Stasis     : .   (no boots)
Res.Rott. : +       Flight     : .   (no amulet)
Saprovore : . . .                    (no ring)
                                     (no ring)

@: somewhat resistant to hostile enchantments, extremely unstealthy
A: fangs 1, talons 2, life protection 1, electricity resistance, slow metabolism
1, unbreathing, petrification resistance, AC +5
a: Renounce Religion


You were on level 6 of the Dungeon.
You worshipped Okawaru.
Okawaru was noncommittal.
You were hungry.

You visited 2 branches of the dungeon, and saw 7 of its levels.

You collected 183 gold pieces.

Inventory:

Hand weapons
 b - a +0,+1 orcish flail (weapon)
 z - a +0 blowgun
Missiles
 A - 5 curare-tipped needles
Armour
 c - a +0 shield (worn)
 x - a +0 chain mail of magic resistance (worn)
 B - a +1 dwarven chain mail
Magical devices
 m - a wand of magic darts (9)
Comestibles
 a - a chunk of kobold flesh
 d - 3 bread rations
 l - 3 meat rations
 D - a banana
Scrolls
 f - 6 scrolls of identify {unknown}
 g - 2 scrolls of remove curse {unknown}
 i - a scroll of enchant armour {unknown}
 j - a scroll of curse armour {unknown}
 n - a scroll of blinking {unknown}
 s - a scroll of curse jewellery {unknown}
 t - a scroll of amnesia {unknown}
 u - a scroll of fog {unknown}
 v - a scroll of enchant weapon II {unknown}
 y - 2 scrolls of curse weapon {unknown}
Jewellery
 e - an uncursed ring of see invisible {unknown}
 p - an uncursed ring of magical power {unknown}
 w - a cursed ring of hunger {unknown}
Potions
 h - 3 potions of heal wounds {unknown}
 k - a potion of might {unknown}
 o - 2 potions of poison {unknown}
 q - 2 potions of curing {unknown}
 r - a potion of brilliance {unknown}
 C - a potion of confusion {unknown}


   Skills:
 - Level 3.2 Fighting
 * Level 7.4 Maces & Flails
 + Level 5.8 Armour
 + Level 5.5 Shields


You had 7 spell levels left.
You didn't know any spells.

Dungeon Overview and Level Annotations

Branches:
Dungeon (6/27)             Temple (1/1) D:6
    Orc: D:6-11

Altars:
Ashenzari
Cheibriados
Elyvilon
Fedhas
Kikubaaqudgha
Makhleb
Nemelex Xobeh
Okawaru
Sif Muna
Vehumet
Xom
Yredelemnul
Zin
Jiyva


Innate Abilities, Weirdness & Mutations

You are resistant to torment.
You are immune to poison.
Your stone body is very resilient (AC +5).
You have very sharp teeth.
You have razor-sharp toenails.
You resist negative energy.
You are resistant to electric shocks.
You have a slow metabolism.
You can survive without breathing.
You are immune to petrification.


Message History

The giant mite is severely wounded.
The giant mite bites you but does no damage.
You sock the giant mite!
You kill the giant mite!
Okawaru accepts your kill.
You see here a giant mite corpse.
You offer a prayer to Okawaru.
Okawaru is noncommittal.
You see here a giant mite corpse.
You offer a prayer to Okawaru.
The giant mite corpse slowly burns to ash.
Okawaru is noncommittal.
The ogre shouts!
The ogre is too close now for your liking.
The ogre hits you with a giant club!
* * * LOW HITPOINT WARNING * * *
You sock the ogre! Your kick misses the ogre.
The ogre is moderately wounded.
The ogre hits you with a giant club!
You die...

###..(...%....#
#................
#.#########.###.#.#.###.#######
##.#########.....#.#.###.#
#...........(.............
#..###########.####..###.##
#..##### #.####..# #># #......#
#.......# #.# #...##.#
#..O....# #.# ##...##.#
##@###......# .....##.#### #.#
.###### ....###....# #.# .#
...## ####.# #.# .# #### #.#
#.# .# #.# #.# O# #.#####.# ..
#.......# # #########


You could see an ogre.

Vanquished Creatures
  Edmund (D:6)
  An ogre (D:6)
  The ghost of Lilouch the Covered, an average GrFi (D:3)
  An orc priest (D:5)
  2 hounds
  7 jellies
  2 scorpions
  An orc wizard (D:5)
  A worker ant (D:6)
  A hound skeleton (D:5)
  3 gnolls (D:4)
  10 adders
  A giant mite (D:6)
  A worm (D:5)
  A scorpion zombie (D:6)
  3 giant geckos
  3 orcs
  4 giant cockroaches
  6 goblins
  6 hobgoblins (D:1)
  2 oozes
  2 quokkas (D:3)
  7 bats
  A giant gecko skeleton (D:6)
  5 giant newts
  3 jackals (D:2)
  14 kobolds
  5 rats
  A rat skeleton (D:4)
  A toadstool (D:5)
97 creatures vanquished.

Vanquished Creatures (others)
  A goblin (D:3)
1 creature vanquished.

Grand Total: 98 creatures vanquished

Notes
Turn   | Place    | Note
--------------------------------------------------------------
     0 | D:1      | Lilouch, the Gargoyle Fighter, began the quest for the Orb.
     0 | D:1      | Reached XP level 1. HP: 14/14 MP: 0/0
     6 | D:1      | Noticed a giant goldfish
    92 | D:1      | Reached XP level 2. HP: 19/19 MP: 1/1
   420 | D:1      | Reached XP level 3. HP: 20/24 MP: 2/2
   583 | D:2      | Found a radiant altar of Vehumet.
   661 | D:2      | Reached skill level 4 in Maces & Flails
   661 | D:2      | Reached XP level 4. HP: 28/28 MP: 3/3
   983 | D:3      | Noticed Lilouch's ghost (average GrFi)
   992 | D:3      | Killed Lilouch's ghost
   992 | D:3      | Reached XP level 5. HP: 25/33 MP: 4/4
  1002 | D:3      | Reached skill level 5 in Maces & Flails
  1163 | D:3      | Reached XP level 6. HP: 34/38 MP: 5/5
  1370 | D:5      | Entered Level 5 of the Dungeon
  1497 | D:5      | Reached skill level 5 in Armour
  1529 | D:5      | Reached skill level 6 in Maces & Flails
  1529 | D:5      | Reached XP level 7. HP: 42/42 MP: 6/6
  1543 | D:5      | Found a viscous altar of Jiyva.
  1550 | D:5      | Reached skill level 5 in Shields
  1778 | D:6      | Found a glowing silver altar of Zin.
  1826 | D:6      | Noticed Edmund
  1838 | D:6      | Killed Edmund
  1838 | D:6      | Reached skill level 7 in Maces & Flails
  2033 | D:6      | Found a staircase to the Ecumenical Temple.
  2043 | Temple   | Entered the Ecumenical Temple
  2089 | Temple   | Became a worshipper of Warmaster Okawaru
  2150 | D:6      | Reached XP level 8. HP: 20/48 MP: 7/7
  2216 | D:6      | Mangled by an ogre

Action                   |  1- 3 |  4- 6 |  7- 9 || total
-------------------------+-------+-------+-------++-------
Melee: Mace              |    59 |    32 |       ||    91
       Flail             |       |   118 |   101 ||   219
